 Dungeon Crawl Stone Soup version 0.27-a0-1301-g128193abf8 (webtiles) character file.

Game seed: 17893429598245340075

50 freelancePsychic the Grave Robber (level 3, 0/27 HPs)
             Began as a Demonspawn Necromancer on June 17, 2021.
             Succumbed to an adder's poison
             ... on level 2 of the Dungeon.
             The game lasted 00:02:53 (1958 turns).

freelancePsychic the Grave Robber (DsNe)            Turns: 1958, Time: 00:02:53

Health: 0/27       AC:  2    Str:  9    XL:     3   Next: 55%
Magic:  2/6        EV: 12    Int: 16    God:
Gold:   72         SH:  0    Dex: 13    Spells: 5/6 levels left

rFire    . . .     SeeInvis .   f - +2 whip (elec)
rCold    . . .     Faith    .   (no shield)
rNeg     . . .     Spirit   .   a - +0 robe
rPois    .         Reflect  .   (no helmet)
rElec    .         Harm     .   (no cloak)
rCorr    .         Rampage  .   (no gloves)
Will     .....                  (no boots)
Stlth    ++........             (no amulet)
HPRegen  0.09/turn              (no ring)
MPRegen  0.10/turn              (no ring)

@: brilliant, lethally poisoned (0 -> -6), very slightly contaminated, hasted,
invisible, very quick
A: ignite blood 2
a: no special abilities


You were on level 2 of the Dungeon.
You visited 1 branch of the dungeon, and saw 2 of its levels.

You collected 72 gold pieces.

Inventory:

Hand Weapons
 d - a +0 whip
 f - a +2 whip of electrocution (weapon)
Armour
 a - a +0 robe (worn)
 b - a +0 scale mail
Potions
 e - a potion of haste {@q3}


   Skills:
 + Level 1.7 Fighting
 * Level 1.3 Maces & Flails
 + Level 2.6 Dodging
 - Level 1.7 Stealth
 - Level 2.0 Spellcasting
 - Level 4.3 Necromancy


You had 5 spell levels left.
You knew the following spells:

 Your Spells              Type           Power      Damage    Failure   Level
a - Pain                  Necr           92%        1d8       3%          1

Your spell library contained the following spells:

 Spells                   Type           Power      Damage    Failure   Level
 Animate Skeleton         Necr           46%        N/A       3%          1
 Vampiric Draining        Necr           11%        2d7       11%         3
 Magic Dart               Conj           8%         1d3       21%         1
 Blink                    Tloc           N/A        N/A       30%         2
 Call Imp                 Summ           2%         N/A       30%         2
 Slow                     Hex            2%         N/A       30%         2
 Animate Dead             Necr           11%        N/A       34%         4
 Conjure Flame            Conj/Fire      2%         6-21      52%         3
 Mephitic Cloud           Conj/Pois/Air  2%         N/A       52%         3
 Agony                    Necr           23%        N/A       67%         5


Dungeon Overview and Level Annotations

Branches:
Dungeon (2/15)

Altars:


Innate Abilities, Weirdness & Mutations

Your demonic aura often causes spilled blood to erupt in flames.


Message History

You are too injured to fight recklessly!
You are too injured to fight recklessly!
You are too injured to fight recklessly!
You are too injured to fight recklessly!
You are too injured to fight recklessly!
You feel sick.
Things that are here:
a +0 dagger; a goblin corpse You feel sick.
The adder bites you.
Casting: Pain (safe; 3% risk of failure)
Confirm with . or Enter, or press ? or * to list all spells.
Aiming: Pain (safe; 3% risk of failure)
Press: ? - help, Shift-Dir - straight line, f - adder
Aim: an adder (chance to affect: 80%)
The adder writhes in agony.
The goblin shouts!
The jackal barks!
You feel sick. The adder bites you.
* * * LOW HITPOINT WARNING * * *
You fade into invisibility!
You feel sick. The adder misses you.
You are very lightly contaminated with residual magic.
It was a potion of haste.
You feel yourself speed up.
You feel sick. The adder bites you.
* * * LOW HITPOINT WARNING * * *
You are lethally poisoned!
The adder poisons you!
It was a potion of brilliance.
You feel clever all of a sudden.
* * * LOW HITPOINT WARNING * * *
You feel sick. The adder closely misses you.
You hit the adder. Lightning courses through the adder!
You kill the adder!
* * * LOW HITPOINT WARNING * * *
You feel sick.
You closely miss the jackal.
* * * LOW HITPOINT WARNING * * *
You feel sick. The jackal closely misses you.
You hit the jackal.
The jackal is severely wounded.
You die...

#. ... #. .. #. .. # #.
.# ###.##.###..#
.......).#..###
#<....g.....###########
.....###h#..#............
###.. #@#..#. #...>
#..###.#..#..######.##.
..#................##.
#.#(#.##.#..##.######.
...####.#.#.##..........#
#.
.......#....####..##.##.#
#. #.#............##.# #.
#.########..#####.# #.
#..# #..# #.# #.


You could see a jackal and a goblin.

Vanquished Creatures
  An adder (D:2)
  A worm (D:2)
  3 dart slugs
  4 ball pythons
  An endoplasm (D:1)
  A giant cockroach (D:1)
  6 goblins
  3 hobgoblins
  3 jackals (D:2)
  2 kobolds (D:1)
  3 bats
  A frilled lizard (D:1)
  3 rats
32 creatures vanquished.

Notes
Turn   | Place    | Note
-------+----------+-------------------------------------------
     0 | D:1      | freelancePsychic the Demonspawn Necromancer began the quest
                  | for the Orb.
     0 | D:1      | Reached XP level 1. HP: 13/13 MP: 3/3
   395 | D:1      | Reached skill level 1 in Fighting
   539 | D:1      | Gained mutation: Your demonic aura sometimes causes spilled
                  | blood to erupt in flames. [demonic ancestry]
   539 | D:1      | Reached XP level 2. HP: 20/21 MP: 1/5
  1767 | D:2      | Reached skill level 1 in Maces & Flails
  1767 | D:2      | Gained mutation: Your demonic aura often causes spilled
                  | blood to erupt in flames. [demonic ancestry]
  1767 | D:2      | Reached XP level 3. HP: 18/26 MP: 2/6
  1956 | D:2      | HP: 1/26 [poisoned by an adder]
  1958 | D:2      | Succumbed to an adder's poison

Illustrated notes

Levels and vault maps discovered:
D:1:      amcnicky_arrival_flooded_fountain, layout_basic,
          kennysheep_flooded_box, grunt_decor_clamped,
          minmay_misc_feat_nine_boxes
D:2:      layout_loops_ring, uniq_jessica

Skill      XL: |  1  2 |
---------------+-------+-----
Dodging        | 2 |  2.6
Fighting       | 1 |  1.7
Maces & Flails | 1 |  1.3
Stealth        | |  1.7
Spellcasting   | |  2.0
Necromancy     | |  4.3

Action                   || total
-------------------------++-------
Melee: Unarmed           ||     7
       Whip              ||    32
 Cast: Pain              ||    45
  Use: Scroll            ||     1
       Potion            ||     3
Armor: Robe              ||    12
Dodge: Dodged            ||    50

Table legend: (Time is in decaauts)
 A = Elapsed time spent in this place.
 B = Non-inter-level travel time spent in this place.
 C = Inter-level travel time spent in this place.
 D = Time resting spent in this place.
 E = Time spent auto-exploring this place.
 F = Levels seen in this place.
 G = Mean time per level.
                   A        B        C        D        E       F      G
               +--------+--------+--------+--------+--------+-----+--------+
         Total |   1957 |   1940 |     17 |    157 |   1587 |   2 |  978.5 |
       Dungeon |   1957 |   1940 |     17 |    157 |   1587 |   2 |  978.5 |
               +--------+--------+--------+--------+--------+-----+--------+

Top non-repeatable levels by time:
     D:1: 1571 daAuts
     D:2: 386 daAuts
